General information
- name: BNet
- type: Ladder team game (AT/RT)
- host: Battle.net
- saver: MsY]DOGANDHORSE
map: SunrockCove
- players: 6
- length: 15:14
- speed: Fast
- version: 1.26 W3XP
- replay type:

» download(105 KB)
Players
team 1 (loser)
cchaozz (
purple | 52 APM | 793 actions | 15:07)
3 Warden
2 Shadow Strike
1 Blink
» actions
| Assign group hotkey | 4 | |
| Basic commands | 9 | |
| Build / train | 38 | |
| Enter build submenu | 7 | |
| Enter hero's abilities submenu | 3 | |
| Give item / drop item | 1 | |
| Remove unit from queue | 9 | |
| Right click | 421 | |
| Select / deselect | 140 | |
| Select group hotkey | 113 | |
| Use ability | 48 | |
793 total
» units
» upgrades
» buildings
| Altar of Elders | 1 | |
| Moon Well | 5 | |
| Ancient of War | 2 | |
| Hunter's Hall | 1 | |
9 total
» build order
00:07 Altar of Elders
00:15 Moon Well
04:27 Ancient of War
05:00 Moon Well
05:03 Moon Well
05:40 Hunter's Hall
06:04 Ancient of War
07:25 Moon Well
07:26 Moon Well
» items
| Dust of Appearance | 1 | |
| Orb of Corruption | 1 | |
2 total
noob.4 (
orange | 77 APM | 1163 actions | 15:05)
2 Death Knight
1 Death Coil
1 Unholy Aura
2 Lich
1 Frost Nova
1 Dark Ritual
» actions
| Assign group hotkey | 31 | |
| Basic commands | 5 | |
| Build / train | 44 | |
| ESC pressed | 2 | |
| Enter build submenu | 24 | |
| Enter hero's abilities submenu | 4 | |
| Give item / drop item | 1 | |
| Right click | 468 | |
| Select / deselect | 197 | |
| Select group hotkey | 297 | |
| Use ability | 90 | |
1163 total
» units
| Acolyte | 4 | |
| Gargoyle | 6 | |
| Crypt Fiend | 10 | |
20 total
» upgrades
| Stone Form | 1 | |
| Web | 1 | |
| Creature Attack | 3 | |
| Burrow | 1 | |
| Creature Carapace | 1 | |
7 total
» buildings
| Graveyard | 1 | |
| Halls of the Dead | 2 | |
| Ziggurat | 15 | |
| Crypt | 4 | |
| Altar of Darkness | 1 | |
| Nerubian Tower | 1 | |
| Spirit Tower | 1 | |
| Tomb of Relics | 1 | |
| Black Citadel | 1 | |
| Sacrificial Pit | 3 | |
| Slaughterhouse | 1 | |
31 total
» build order
00:11 Graveyard
00:34 Halls of the Dead
00:34 Halls of the Dead
00:38 Ziggurat
00:43 Ziggurat
01:31 Crypt
01:33 Crypt
01:41 Crypt
01:52 Crypt
02:04 Ziggurat
02:18 Ziggurat
02:33 Altar of Darkness
02:36 Nerubian Tower
02:38 Spirit Tower
03:23 Tomb of Relics
04:08 Black Citadel
04:39 Sacrificial Pit
04:59 Ziggurat
05:01 Ziggurat
05:50 Sacrificial Pit
06:35 Sacrificial Pit
08:40 Ziggurat
08:41 Ziggurat
08:42 Ziggurat
08:43 Ziggurat
08:49 Ziggurat
08:50 Ziggurat
08:52 Ziggurat
08:53 Ziggurat
08:54 Ziggurat
11:48 Slaughterhouse
» items
| Potion of Healing | 1 | |
| Potion of Lesser Invulnerability | 1 | |
| Potion of Mana | 1 | |
3 total
Serbia123 (
pink | 41 APM | 618 actions | 15:12)
2 Blademaster
1 Wind Walk
1 Critical Strike
» actions
| Basic commands | 9 | |
| Build / train | 17 | |
| Enter build submenu | 4 | |
| Enter hero's abilities submenu | 2 | |
| Right click | 504 | |
| Select / deselect | 63 | |
| Use ability | 19 | |
618 total
» units
» buildings
| Altar of Storms | 1 | |
| Orc Burrow | 1 | |
| Voodoo Lounge | 1 | |
3 total
» build order
00:04 Altar of Storms
00:07 Orc Burrow
05:41 Voodoo Lounge
» items
| Healing Salve | 1 | |
| Lesser Clarity Potion | 1 | |
2 total
team 2 (winner)
BetUWishUNoSrch (
red | 72 APM | 1096 actions | 15:13)
3 Blademaster
2 Wind Walk
1 Critical Strike
» actions
| Assign group hotkey | 12 | |
| Basic commands | 15 | |
| Build / train | 42 | |
| ESC pressed | 2 | |
| Enter build submenu | 39 | |
| Enter hero's abilities submenu | 3 | |
| Give item / drop item | 2 | |
| Right click | 571 | |
| Select / deselect | 114 | |
| Select group hotkey | 216 | |
| Use ability | 80 | |
1096 total
» units
» upgrades
| Backpack | 1 | |
| Reinforced Defenses | 1 | |
| Liquid Fire | 1 | |
| Ranged Weapons | 1 | |
4 total
» buildings
| Altar of Storms | 1 | |
| War Mill | 1 | |
| Orc Burrow | 3 | |
| Watch Tower | 24 | |
| Voodoo Lounge | 3 | |
| Stronghold | 1 | |
| Beastiary | 3 | |
| Fortress | 1 | |
| Great Hall | 1 | |
38 total
» build order
00:05 Altar of Storms
00:10 War Mill
00:14 Orc Burrow
01:34 Watch Tower
01:56 Watch Tower
02:11 Voodoo Lounge
02:31 Watch Tower
02:38 Watch Tower
02:40 Watch Tower
03:23 Stronghold
03:27 Watch Tower
03:34 Watch Tower
04:46 Voodoo Lounge
05:02 Watch Tower
05:05 Watch Tower
05:48 Beastiary
05:59 Watch Tower
05:59 Watch Tower
06:05 Fortress
06:35 Beastiary
06:42 Beastiary
06:46 Watch Tower
06:47 Watch Tower
06:56 Voodoo Lounge
07:14 Orc Burrow
07:18 Orc Burrow
08:59 Watch Tower
13:42 Watch Tower
13:43 Watch Tower
13:49 Watch Tower
13:50 Watch Tower
13:50 Watch Tower
13:52 Watch Tower
13:54 Watch Tower
15:01 Great Hall
15:09 Watch Tower
15:10 Watch Tower
15:10 Watch Tower
» items
| Lesser Clarity Potion | 2 | |
| Staff of Teleportation | 1 | |
| Boots of Speed | 1 | |
| Circlet of Nobility | 1 | |
| Healing Salve | 1 | |
| Orb of Lightning | 3 | |
9 total
Birdeneering (
teal | 121 APM | 1843 actions | 15:13)
4 Archmage
2 Blizzard
2 Brilliance Aura
1 Mountain King
1 Storm Bolt
» actions
| Assign group hotkey | 545 | |
| Basic commands | 11 | |
| Build / train | 99 | |
| Enter build submenu | 68 | |
| Enter hero's abilities submenu | 6 | |
| Give item / drop item | 5 | |
| Right click | 559 | |
| Select / deselect | 230 | |
| Select group hotkey | 201 | |
| Use ability | 119 | |
1843 total
» units
» upgrades
| Masonry | 3 | |
| Magic Sentry | 1 | |
| Lumber Harvesting | 1 | |
5 total
» buildings
| Altar of Kings | 1 | |
| Farm | 3 | |
| Lumber Mill | 1 | |
| Scout Tower | 61 | |
| Arcane Tower | 5 | |
| Guard Tower | 46 | |
| Keep | 2 | |
| Town Hall | 1 | |
| Castle | 4 | |
| Arcane Sanctum | 1 | |
| Arcane Vault | 2 | |
127 total
» build order
00:09 Altar of Kings
00:20 Farm
00:35 Lumber Mill
00:47 Farm
01:14 Scout Tower
01:22 Farm
01:41 Scout Tower
01:44 Arcane Tower
01:47 Scout Tower
01:48 Scout Tower
02:06 Scout Tower
02:13 Arcane Tower
02:13 Arcane Tower
02:13 Arcane Tower
02:17 Guard Tower
02:36 Guard Tower
02:38 Scout Tower
02:40 Scout Tower
02:49 Guard Tower
02:51 Scout Tower
03:18 Scout Tower
03:20 Scout Tower
03:22 Guard Tower
03:23 Scout Tower
03:24 Scout Tower
03:26 Scout Tower
03:32 Guard Tower
03:34 Scout Tower
03:53 Guard Tower
03:56 Scout Tower
04:08 Guard Tower
04:10 Scout Tower
04:11 Guard Tower
04:13 Scout Tower
04:40 Keep
04:41 Keep
04:43 Guard Tower
04:43 Guard Tower
04:43 Guard Tower
04:48 Guard Tower
04:48 Guard Tower
04:51 Scout Tower
04:58 Guard Tower
04:58 Guard Tower
05:02 Scout Tower
05:07 Guard Tower
05:08 Guard Tower
05:08 Guard Tower
05:11 Scout Tower
05:16 Scout Tower
05:24 Guard Tower
05:26 Scout Tower
05:41 Guard Tower
05:44 Scout Tower
05:49 Guard Tower
05:50 Scout Tower
05:54 Guard Tower
06:02 Scout Tower
06:06 Guard Tower
06:10 Scout Tower
06:58 Guard Tower
06:58 Guard Tower
07:02 Scout Tower
07:04 Guard Tower
07:04 Guard Tower
07:09 Guard Tower
07:09 Guard Tower
07:23 Guard Tower
07:25 Scout Tower
07:26 Scout Tower
08:13 Town Hall
08:17 Scout Tower
08:18 Scout Tower
08:23 Scout Tower
08:24 Scout Tower
08:33 Guard Tower
08:48 Scout Tower
08:51 Arcane Tower
09:42 Guard Tower
09:48 Scout Tower
09:49 Scout Tower
09:56 Guard Tower
09:57 Scout Tower
10:14 Castle
10:14 Castle
10:15 Castle
10:30 Guard Tower
10:32 Scout Tower
10:32 Scout Tower
10:53 Guard Tower
10:55 Scout Tower
10:55 Scout Tower
10:58 Arcane Sanctum
11:03 Scout Tower
11:03 Guard Tower
11:10 Arcane Vault
11:14 Arcane Vault
11:42 Guard Tower
11:50 Scout Tower
11:51 Scout Tower
11:52 Scout Tower
11:53 Scout Tower
11:54 Guard Tower
12:07 Scout Tower
12:08 Scout Tower
12:19 Guard Tower
12:25 Scout Tower
12:26 Scout Tower
12:31 Scout Tower
13:02 Guard Tower
13:03 Scout Tower
13:23 Scout Tower
14:19 Scout Tower
14:20 Scout Tower
14:21 Scout Tower
14:22 Scout Tower
14:22 Scout Tower
14:23 Scout Tower
14:24 Guard Tower
14:31 Guard Tower
14:32 Scout Tower
14:32 Scout Tower
14:39 Guard Tower
» items
| Boots of Speed | 2 | |
| Staff of Teleportation | 2 | |
| Healing Salve | 2 | |
| Circlet of Nobility | 1 | |
| Orb of Lightning | 1 | |
8 total
MsY]DOGANDHORSE (
green | 105 APM | 1597 actions | 15:14)
4 Warden
2 Shadow Strike
2 Blink
3 Pandaren Brewmaster
2 Breath of Fire
1 Drunken Haze
» actions
| Assign group hotkey | 6 | |
| Basic commands | 1 | |
| Build / train | 46 | |
| Enter build submenu | 9 | |
| Enter hero's abilities submenu | 7 | |
| Right click | 1060 | |
| Select / deselect | 241 | |
| Select group hotkey | 145 | |
| Use ability | 82 | |
1597 total
» units
» upgrades
| Ultravision | 1 | |
| Nature's Blessing | 1 | |
| Well Spring | 1 | |
| Strength of the Wild | 1 | |
4 total
» buildings
| Altar of Elders | 1 | |
| Moon Well | 3 | |
| Tree of Ages | 1 | |
| Ancient of Wonders | 1 | |
| Tree of Eternity | 1 | |
| Hunter's Hall | 1 | |
| Tree of Life | 1 | |
9 total
» build order
00:07 Altar of Elders
00:18 Moon Well
01:26 Moon Well
04:03 Tree of Ages
05:52 Ancient of Wonders
06:01 Moon Well
06:30 Tree of Eternity
06:39 Hunter's Hall
11:04 Tree of Life
» items
| Boots of Speed | 1 | |
| Healing Salve | 3 | |
| Lesser Clarity Potion | 1 | |
| Orb of Venom | 1 | |
| Orb of Lightning | 1 | |
| Potion of Healing | 3 | |
| Potion of Mana | 1 | |
| Dust of Appearance | 1 | |
12 total
Chat log
(00:50 / All) Birdeneering: w8
(00:52 / All) MsY]DOGANDHORSE: FUCK
(00:54 / All) noob.4: turkey #1 , joke, germanyyyy
(00:57 / All) BetUWishUNoSrch: slobodan roolz!!!
(06:27 / All) MsY]DOGANDHORSE: u just watch a gargfeed replay or something?
(14:03 / All) MsY]DOGANDHORSE: gg
(15:08 / All) MsY]DOGANDHORSE: yep